 Dungeon Crawl Stone Soup version 0.29-a0-816-g82769f0e0c (webtiles) character file.

Game seed: 7531427501499481023

27866 27snakeeyes612 the Fighter (level 13, -4/95 HPs)
             Began as a Minotaur Berserker on July 5, 2022.
             Was a High Priest of Trog.
             Engulfed by a hell hound's steam (13 damage)
             ... on level 3 of the Abyss.
             The game lasted 00:11:00 (14958 turns).

27snakeeyes612 the Fighter (Minotaur Berserker)    Turns: 14958, Time: 00:11:01

Health: -4/95      AC: 24    Str: 22      XL:     13   Next: 6%
Magic:  12/12      EV: 10    Int:  2 (4)  God:    Trog [*****.]
Gold:   589        SH:  6    Dex: 11      Spells: 12/12 levels left

rFire   . . .      SeeInvis +   s - +3 broad axe (drain)
rCold   . . .      Faith    +   m - +0 buckler
rNeg    . . .      Spirit   .   c - +0 plate armour
rPois   .          Reflect  .   n - +2 hat
rElec   .          Harm     .   B - +2 cloak
rCorr   +          Rampage  +   (no gloves)
Will    .....      Rage     9%  H - +2 pair of boots {rampage}
Stlth   ..........              f - amulet of faith
HPRegen 0.00/turn               w - ring of resist corrosion
MPRegen 0.13/turn               E - ring of see invisible

@: about to teleport, inhibited regen, unable to read, very slow
A: horns 2, retaliatory headbutt, [berserk 2], [frail 2], [screaming 2],
[inhibited regeneration], [weak 2], [inability to read while threatened 1]
a: Renounce Religion, Berserk, Trog's Hand, Brothers in Arms


You were on level 3 of the Abyss.
You worshipped Trog.
Trog was extremely pleased with you.
You visited 1 branch of the dungeon, and saw 12 of its levels.
You visited the Abyss 1 time.

You collected 969 gold pieces.
You spent 380 gold pieces at shops.

Inventory:

Hand Weapons
 b - a +4 scimitar of flaming
 s - a +3 broad axe of draining (weapon)
 K - a +5 vorpal broad axe
Missiles
 l - a throwing net (quivered)
Armour
 c - a +0 plate armour (worn)
 m - a +0 buckler (worn)
 n - a +2 hat (worn)
 B - a +2 cloak (worn)
 H - a +2 pair of boots of rampaging (worn)
Jewellery
 f - an amulet of faith (around neck)
 j - a +6 ring of strength
 w - a ring of resist corrosion (left hand)
 E - a ring of see invisible (right hand)
 J - an amulet of guardian spirit
Wands
 q - a wand of polymorph (2)
 u - a wand of flame (43)
 M - a wand of roots (13)
Scrolls
 p - 10 scrolls of identify
 y - 2 scrolls of silence
 D - a scroll of magic mapping
 F - 3 scrolls of blinking
 I - 2 scrolls of fog
 L - a scroll of fear
 N - 2 scrolls of enchant weapon
 O - a scroll of poison {unknown}
Potions
 a - 2 potions of berserk rage {unknown}
 d - 2 potions of mutation {unknown}
 e - 3 potions of haste {unknown}
 g - 5 potions of brilliance
 h - 2 potions of attraction {unknown}
 i - a potion of cancellation
 k - 4 potions of curing
 o - 4 potions of degeneration {unknown}
 t - a potion of might {unknown}
 v - a potion of flight {unknown}
 x - a potion of invisibility {unknown}
 z - a potion of magic {unknown}
 A - a potion of ambrosia {unknown}
 C - 2 potions of resistance {unknown}
 G - 2 potions of heal wounds
 P - a potion of lignification {unknown}


   Skills:
 + Level 12.6 Fighting
 + Level 12.6 Axes
 + Level 12.4 Armour
 + Level 11.3 Dodging
 + Level 11.6 Shields


You had 12 spell levels left.
You didn't know any spells.
Your spell library was empty.

Dungeon Overview and Level Annotations

Branches:
Dungeon (12/15)            Temple (0/1) D:5            Lair (0/6) D:11
    Orc (0/2) D:10

Altars:
Ashenzari
Dithmenos
Hepliaklqana
Nemelex Xobeh
Okawaru
Sif Muna
Uskayaw
Vehumet
Xom
The Shining One

Shops:
D:1 *:(   D:9 *


Innate Abilities, Weirdness & Mutations

You have a pair of horns on your head.
You reflexively headbutt those who attack you in melee.
[You have an uncontrollable temper.]
[You are very frail. (-20% HP)]
[You frequently scream uncontrollably at your foes.]
[You do not regenerate when monsters are visible.]
[You are very weak. (Str -4)]
[You occasionally lose the ability to read scrolls when taking damage.]


Message History

The orb spider's many legs skitter faintly.
You hear a shout!
You hear a hideous shriek!
You hear a shout!
The hell hound breathes flames at you.
The blast of flame hits the hell hound.
The hell hound completely resists.
The blast of flame hits you!
The hell hound bites you but does no damage.
The orb spider begins to weave its threads into a brightly glowing ball.
As you read the scroll of teleportation, it crumbles to dust.
You feel strangely unstable.
You feel the power of the Abyss delaying your translocation!
You block the hell hound's attack. The hell hound barely misses you.
You furiously retaliate!
You headbutt the hell hound, but do no damage.
A neqoxec comes into view.
The neqoxec shouts!
The neqoxec gestures at you.
You feel dopey. Something feeds on your intellect!
The hell hound attacks as you move away!
You block the hell hound's attack.
The hell hound attacks as you move away!
The hell hound bites you but does no damage. x2
You block the neqoxec's attack.
The hell hound attacks as you move away!
You block the hell hound's attack.
You enter the shallow water.
Moving in this stuff is going to be slow.
The large abomination hits you!!
You feel threatened and lose the ability to read scrolls!
* * * LOW HITPOINT WARNING * * *
The neqoxec closely misses you. You furiously retaliate!
You headbutt the neqoxec! The hell hound breathes flames at you.
The blast of flame hits the hell hound.
The hell hound completely resists.
The blast of flame hits you but does no damage.
The hell hound breathes flames at you.
The blast of flame hits you but does no damage.
The hell hound attacks as you move away!
The hell hound splashes around in the water.
You are engulfed in a cloud of scalding steam.
You die...

.### ..
###...##.
#....#.#.
#.h..#.#### #
##.≈4#§..#≈#.#
#.≈s.##≈≈§≈≈.#
#..≈≈h≈≈..≈≈≈#
#≈##≈≈3§≈#.≈≈#
.. #≈≈X#@# # #
#.≈≈#.......#
#≈≈≈#..#.....#
.≈≈≈≈....#..###
..≈.≈≈#..##..#
#.#.###... ...
.. .#. ... #.#.
.##.


You could see an orange demon, an orb spider (charged), a neqoxec and 2 hell
hounds.

Vanquished Creatures
  A stone giant (D:10)
  Erolcha (D:11)
  2 boulder beetles
  2 centaur warriors
  6 two-headed ogres
  2 wretched stars (Abyss:3)
  5 wizards (D:12)
  The ghost of capka3m the Magician, a novice MeEE of Cheibriados (D:6)
  4 cyclopes
  2 manticores
  An ugly thing (D:10)
  Maurice (D:8)
  A moth of wrath (shapeshifter) (D:9)
  2 unseen horrors
  A gargoyle (D:11)
  An efreet (D:9)
  A hellwing (Abyss:3)
  A komodo dragon (D:11)
  A hornet (D:5)
  Grinder (D:4)
  5 slime creatures (D:12)
  5 trolls
  Sigmund (D:2)
  4 wyverns
  A wraith (D:11)
  3 vampires
  7 yaks
  A naga simulacrum (Abyss:3)
  A basilisk (D:10)
  3 vampire mosquitoes (D:12)
  2 small abominations (Abyss:3)
  2 steam dragons
  Menkaure (D:7)
  An acid dragon (D:9)
  3 water moccasins
  A water moccasin (shapeshifter) (D:9)
  An ice beast (D:7)
  9 orc warriors
  A black bear (D:5)
  2 ogres (D:6)
  11 centaurs
  2 kobold brigands
  A necrophage (D:5)
  2 gnoll sergeants
  A scorpion (D:5)
  5 wights
  7 killer bees (D:10)
  4 howler monkeys
  A quasit (Abyss:3)
  2 jellies
  Crazy Yiuf (D:6)
  3 gnoll boudas
  7 orc priests
  2 hounds (D:4)
  3 iguanas
  16 orc wizards
  Natasha (thrice) (D:3)
  13 gnolls
  7 adders
  4 shadow imps
  3 white imps
  An ufetubus (D:6)
  A worm (D:4)
  2 dart slugs
  63 orcs
  4 ball pythons
  6 endoplasms
  5 giant cockroaches
  12 goblins
  10 hobgoblins
  2 jackals (D:3)
  12 kobolds
  4 quokkas
  8 bats
  5 frilled lizards
  6 rats
330 creatures vanquished.

Vanquished Creatures (collateral kills)
  A deep elf knight (D:10)
1 creature vanquished.

Vanquished Creatures (others)
  A wizard (D:12)
  A meliai (shapeshifter) (Abyss:3)
  An acid dragon (D:9)
  A fungus (D:6)
  2 withered plants (D:6)
6 creatures vanquished.

Grand Total: 337 creatures vanquished

Notes
Turn   | Place    | Note
-------+----------+-------------------------------------------
     0 | D:1      | 27snakeeyes612 the Minotaur Berserker began the quest for
                  | the Orb.
     0 | D:1      | Reached XP level 1. HP: 19/19 MP: 0/0
   419 | D:1      | Reached XP level 2. HP: 27/27 MP: 1/1
   594 | D:1      | Found Wuigae's Antique Weapon Shoppe.
   652 | D:1      | Found Ubegg's General Store.
   700 | D:1      | Found Foonyt's Book Boutique.
  1124 | D:2      | Noticed Sigmund
  1132 | D:2      | Killed Sigmund
  1133 | D:2      | Reached XP level 3. HP: 35/35 MP: 2/2
  1133 | D:2      | Reached XP level 4. HP: 41/41 MP: 3/3
  1133 | D:2      | Reached XP level 5. HP: 47/47 MP: 4/4
  1218 | D:2      | Found a faded altar of an unknown god.
  1361 | D:2      | Reached ** piety under Trog
  1848 | D:2      | Reached skill level 5 in Fighting
  1946 | D:2      | Identified the +0 leather armour "Eca Fysy" {Contam +Blink
                  | Regen+}
  2114 | D:3      | Reached skill level 5 in Axes
  2332 | D:3      | Noticed a centaur
  2340 | D:3      | Killed a centaur
  2341 | D:3      | Reached skill level 1 in Shields
  2341 | D:3      | Reached XP level 6. HP: 29/56 MP: 5/5
  2632 | D:3      | Noticed Natasha
  2641 | D:3      | Killed Natasha
  3048 | D:3      | Noticed Natasha
  3056 | D:3      | Killed Natasha
  3110 | D:3      | Noticed Natasha
  3116 | D:3      | Reached *** piety under Trog
  3124 | D:3      | Killed Natasha
  3381 | D:4      | Noticed Grinder
  3383 | D:4      | Paralysed by Grinder for 5 turns
  3407 | D:4      | Killed Grinder
  3408 | D:4      | Reached skill level 5 in Armour
  3408 | D:4      | Reached XP level 7. HP: 57/62 MP: 6/6
  3454 | D:4      | Found a hazy altar of Hepliaklqana.
  3509 | D:4      | Found a broken altar of Ashenzari.
  3879 | D:4      | Found a radiant altar of Vehumet.
  3917 | D:4      | Reached skill level 5 in Dodging
  4023 | D:4      | Identified a scroll of acquirement
  4023 | D:4      | Acquired a +0 broad axe of freezing
  4162 | D:5      | Entered Level 5 of the Dungeon
  4212 | D:5      | Reached **** piety under Trog
  4213 | D:5      | Reached XP level 8. HP: 62/71 MP: 7/7
  4313 | D:5      | Noticed a hornet
  4321 | D:5      | Paralysed by a hornet for 3 turns
  4326 | D:5      | Paralysed by a hornet for 3 turns
  4330 | D:5      | Killed a hornet
  4330 | D:5      | HP: 1/106 [orc priest/+0 trident (5)]
  4335 | D:5      | HP: 2/106 [poisoned by a hornet]
  4572 | D:5      | Identified the +9 quarterstaff of Ydghyg {vorpal, Fly
                  | rPois}
  4987 | D:5      | Found a staircase to the Ecumenical Temple.
  5305 | D:6      | Found a runed translucent door.
  5305 | D:6      | Noticed capka3m's ghost (novice MeEE)
  5589 | D:6      | Reached skill level 5 in Shields
  5848 | D:6      | Identified the +5 flail "Orb Guardian's Peril" {elec, *Rage
                  | Fly rN+}
  5866 | D:6      | Found a runed translucent door.
  5867 | D:6      | Noticed Crazy Yiuf
  5963 | D:6      | Reached XP level 9. HP: 51/79 MP: 8/8
  6265 | D:6      | Killed capka3m's ghost
  6409 | D:6      | Killed Crazy Yiuf
  6473 | D:7      | Noticed Menkaure
  6477 | D:7      | Killed Menkaure
  6996 | D:7      | Found a glowing golden altar of the Shining One.
  7001 | D:7      | Reached ***** piety under Trog
  7239 | D:7      | Found a sparkling altar of Nemelex Xobeh.
  7242 | D:7      | Found a shimmering altar of Xom.
  7398 | D:7      | Found a shadowy altar of Dithmenos.
  7401 | D:7      | Found a hide-covered altar of Uskayaw.
  7661 | D:8      | Noticed a manticore
  7669 | D:8      | Killed a manticore
  7908 | D:8      | Reached XP level 10. HP: 90/90 MP: 9/9
  8120 | D:8      | Noticed Maurice
  8127 | D:8      | Killed Maurice
  8403 | D:1      | Bought a +2 pair of boots of rampaging for 215 gold pieces
  8403 | D:1      | Bought a scroll of blinking for 75 gold pieces
  9149 | D:9      | Found a shimmering blue altar of Sif Muna.
  9290 | D:9      | Noticed a two-headed ogre
  9291 | D:9      | Noticed a cyclops
  9297 | D:9      | Killed a two-headed ogre
  9444 | D:9      | Killed a cyclops
  9564 | D:9      | Noticed a boulder beetle
  9577 | D:9      | Killed a boulder beetle
  9711 | D:9      | Noticed a moth of wrath
  9717 | D:9      | Killed a moth of wrath
  9761 | D:9      | Reached XP level 11. HP: 78/99 MP: 10/10
  9792 | D:9      | Reached skill level 10 in Axes
  9863 | D:9      | Reached skill level 10 in Fighting
  9939 | D:9      | Noticed a centaur warrior
  9944 | D:9      | Killed a centaur warrior
 10156 | D:9      | Reached skill level 10 in Armour
 10331 | D:9      | Found Ythrim's General Store.
 10347 | D:9      | Bought a scroll of blinking for 90 gold pieces
 10543 | D:9      | Identified the +1 ring mail of Somewhere Else {+Blink}
 10594 | D:10     | Entered Level 10 of the Dungeon
 10612 | D:10     | Received a gift from Trog
 10614 | D:10     | Reached ****** piety under Trog
 10615 | D:10     | Found a staircase to the Orcish Mines.
 11051 | D:10     | Found an iron altar of Okawaru.
 11258 | D:10     | Noticed a deep elf knight
 11269 | D:10     | Noticed a white ugly thing
 11271 | D:10     | Killed a deep elf knight
 11275 | D:10     | Noticed a two-headed ogre
 11302 | D:10     | Killed a white ugly thing
 11682 | D:10     | Identified the +7 war axe "Acicun" {flame, rC- rN++ Str+2
                  | SInv}
 11682 | D:10     | Noticed a centaur warrior
 11690 | D:10     | Killed a centaur warrior
 11938 | D:10     | Noticed a stone giant
 11955 | D:10     | Killed a stone giant
 11999 | D:10     | Killed a two-headed ogre
 12000 | D:10     | Reached skill level 10 in Dodging
 12000 | D:10     | Reached skill level 10 in Shields
 12377 | D:10     | Reached XP level 12. HP: 104/110 MP: 11/11
 12745 | D:11     | Found a staircase to the Lair.
 12745 | D:11     | Noticed a two-headed ogre
 12752 | D:11     | Killed a two-headed ogre
 13175 | D:11     | Noticed a two-headed ogre
 13182 | D:11     | Killed a two-headed ogre
 13306 | D:11     | Noticed a two-headed ogre
 13311 | D:11     | Killed a two-headed ogre
 13744 | D:11     | Noticed a two-headed ogre
 13751 | D:11     | Killed a two-headed ogre
 13957 | D:11     | Noticed Erolcha
 13963 | D:11     | Killed Erolcha
 14134 | D:12     | Found a shadowy altar of Dithmenos.
 14140 | D:12     | Noticed a boulder beetle
 14152 | D:12     | Killed a boulder beetle
 14154 | D:12     | Received a gift from Trog
 14659 | D:12     | Found the +3 warlock's mirror {reflect}
 14739 | Abyss:3  | Cast into level 3 of the Abyss (a wizard)
 14784 | Abyss:3  | Reached XP level 13. HP: 105/119 MP: 12/12
 14784 | Abyss:3  | Found a viscous altar of Jiyva.
 14958 | Abyss:3  | Engulfed by a hell hound's steam

Illustrated notes

Levels and vault maps discovered:
D:1:      dpeg_cavernosity, layout_basic, serial_shops,
          nicolae_shop_advertising_works [nicolae_subvault_shop_adworks],
          nicolae_lakefront_shop, shop
D:2:      layout_loops_corners, ebering_ecumenical_altar_sacrificial,
          uniq_sigmund
D:3:      layout_loops_corners, grunt_decor_arrowhead, uniq_natasha
D:4:      layout_basic, ashenzari_altar_1, nicolae_vehumet_altar_sigil,
          mainiacjoe_overflow_brackets, interstate_on_off, bh_walls_and_bars,
          uniq_grinder
D:5:      layout_basic, temple_statues, nicolae_figureground_pulse
D:6:      layout_cave_pools, gammafunk_ghost_grave,
          corexii_item_surrounded_by_moat, uniq_crazy_yiuf_cottage
D:7:      layout_loops_ring, nicolae_overflow_hidden_temple,
          mainiacjoe_overflow_alcove_1, uniq_menkaure
D:8:      layout_basic, uniq_maurice
D:9:      minmay_the_grid_3x2 [minmay_the_grid_slots, minmay_the_grid_rooms,
          minmay_the_grid_stretched_grid, minmay_the_grid_large_cup,
          minmay_the_grid_dragon_a, minmay_the_grid_prize_shrinking_boxes],
          layout_stronghold, old_standard_altar, serial_shops,
          nicolae_diamond_shop, hangedman_abyss_or_decor_slice
D:10:     nzn_winding_woodlands_cross [nzn_winding_woodlands_5x15_sawtooth,
          nzn_winding_woodlands_5x15_split_checker,
          nzn_winding_woodlands_5x15_eye, nzn_winding_woodlands_5x15_crooked,
          nzn_winding_woodlands_15x15_thick_spiral], layout_irregular_city,
          amcnicky_altar_gilded, hiddenorc2_lemuel, small_statue_alley_a
D:11:     layout_loops_corners, lair_entry_dummy, uniq_erolcha
D:12:     minmay_smoke_and_mirrors, layout_long_grid, special_room
          [special_room_orc], grunt_dithmenos_smoke
Abyss:3:  base:
D:8

Skill      XL: |  1  2  3  4  5  6  7  8  9 10 11 12 |
---------------+-------------------------------------+-----
Fighting       | 4 5 6 7 8 9 11 12 | 12.6
Axes           | 4 5 6 7 8 9 11 12 | 12.6
Armour         | 3 4 5 6 8 9 11 12 | 12.4
Dodging        | 3 4 5 6 7 8 10 11 | 11.3
Shields        | 1 2 3 5 6 8 10 11 | 11.6

Action                   |  1- 3 |  4- 6 |  7- 9 | 10-12 | 13-15 || total
-------------------------+-------+-------+-------+-------+-------++-------
Melee: Hand axe          |    43 |    11 |       |       |       ||    54
       Headbutt          |     7 |    19 |    39 |    88 |     3 ||   156
       War axe           |       |   122 |    39 |       |       ||   161
       Broad axe         |       |       |   206 |   410 |    32 ||   648
Invok: Berserk           |     1 |       |     2 |     1 |       ||     4
       Trog's Hand       |       |       |     1 |     1 |       ||     2
       Brothers in Arms  |       |       |       |     1 |       ||     1
  Use: Scroll            |     5 |     4 |    10 |     5 |     1 ||    25
       Potion            |       |       |     2 |       |       ||     2
Armor: Animal skin       |     1 |     2 |       |       |       ||     3
       Plate armour      |       |    90 |   140 |   265 |    44 ||   539
Dodge: Dodged            |    27 |    52 |   111 |   182 |    36 ||   408
Block: Buckler           |       |    10 |    61 |   138 |    14 ||   223

Table legend: (Time is in decaauts)
 A = Elapsed time spent in this place.
 B = Non-inter-level travel time spent in this place.
 C = Inter-level travel time spent in this place.
 D = Time resting spent in this place.
 E = Time spent auto-exploring this place.
 F = Levels seen in this place.
 G = Mean time per level.
                   A        B        C        D        E       F      G
               +--------+--------+--------+--------+--------+-----+--------+
         Total |  15179 |  14300 |    879 |   1041 |  11170 |  13 | 1167.6 |
       Dungeon |  14946 |  14067 |    879 |   1012 |  11140 |  12 | 1245.5 |
         Abyss |    233 |    233 |      0 |     28 |     30 |   1 |  233.0 |
               +--------+--------+--------+--------+--------+-----+--------+

Top non-repeatable levels by time:
    D:10: 2173 daAuts
    D:11: 1645 daAuts
     D:9: 1574 daAuts
     D:6: 1365 daAuts
     D:3: 1349 daAuts
     D:1: 1210 daAuts
     D:7: 1154 daAuts
     D:8: 1135 daAuts
     D:5: 1082 daAuts
     D:2: 983 daAuts
     D:4: 916 daAuts
    D:12: 355 daAuts
 Abyss:3: 233 daAuts
